 Dungeon Crawl Stone Soup version 0.22-a0-422-g9628fc8 (webtiles) character file.

31 Jynxie the Sneak (level 3, -4/17 HPs)
             Began as a Spriggan Ice Elementalist on May 21, 2018.
             Slain by a worm (11 damage)
             ... on level 2 of the Dungeon.
             The game lasted 00:09:51 (854 turns).

Jynxie the Sneak (Spriggan Ice Elementalist)         Turns: 854, Time: 00:09:52

Health: -4/17      AC:  2    Str:  5    XL:     3   Next: 7%
Magic:  0/8        EV: 18    Int: 16    God:
Gold:   25         SH:  0    Dex: 16    Spells: 4/7 levels left

rFire    . . .     SeeInvis +   q - +2 dagger (venom)
rCold    + . .     Gourm    .   (shield restricted)
rNeg     . . .     Faith    .   a - +0 robe
rPois    .         Spirit   .   (helmet restricted)
rElec    .         Reflect  .   (no cloak)
rCorr    .         Harm     .   (gloves unavailable)
MR       .....                  (boots unavailable)
Stlth    +++.......             (no amulet)
HPRegen  0.05/turn              i - ring of protection from cold
MPRegen  0.11/turn              (no ring)

@: very slightly contaminated, very quick
A: very small, unfitting armour, see invisible, herbivore, speed 3, slow
metabolism 2
a: no special abilities


You were on level 2 of the Dungeon.
You were not hungry.

You visited 1 branch of the dungeon, and saw 2 of its levels.

You collected 25 gold pieces.

Inventory:

Hand Weapons
 h - a +0 dagger
 j - a cursed -2 hand axe
 q - a +2 dagger of venom (weapon)
Armour
 a - a +0 robe (worn)
Jewellery
 i - a ring of protection from cold (left hand)
Scrolls
 b - 2 scrolls of fog {unknown}
 d - a scroll of magic mapping {unknown}
 e - 2 scrolls of identify
 g - a scroll of remove curse {unknown}
 m - a scroll of fear {unknown}
 n - a scroll of immolation {unknown}
 o - a scroll of noise {unknown}
 p - a scroll of enchant weapon {unknown}
Potions
 f - 2 potions of curing {unknown}
 k - a potion of degeneration {unknown}
 l - a potion of lignification {unknown}
 r - a potion of mutation {unknown}
Comestibles
 c - 3 rations


   Skills:
 * Level 0.7 Fighting
 * Level 1.0 Short Blades
 + Level 3.3 Dodging
 * Level 3.6 Stealth
 - Level 2.9 Spellcasting
 - Level 0.6 Conjurations
 + Level 2.6 Ice Magic


You had 4 spell levels left.
You knew the following spells:

 Your Spells              Type           Power        Failure   Level  Hunger
a - Freeze                Ice            ##..         6%          1    #......
b - Throw Frost           Conj/Ice       #.....       14%         2    ##.....

Your spell library contained the following spells:

 Spells                   Type           Power        Failure   Level  Hunger
 Summon Ice Beast         Ice/Summ       #.......     73%         4    #####..
 Ozocubu's Armour         Chrm/Ice       #.......     32%         3    ###....
 Throw Icicle             Conj/Ice       #.......     67%         4    #####..


Dungeon Overview and Level Annotations

Branches:
Dungeon (2/15)

Altars:


Innate Abilities, Weirdness & Mutations

You are very small and have problems with some larger weapons.
You are too small for most types of armour.
You have supernaturally acute eyesight. (SInv)
You are a herbivore.
You cover ground extremely quickly.
You need to consume almost no food.


Message History

You freeze the worm.
The worm is lightly wounded.
You hit the worm.
The worm is poisoned.
The worm is moderately wounded.
The worm bites you!
You hit the worm but do no damage.
The worm is lightly wounded.
You hit the worm.
The worm looks as sick as possible!
The worm is heavily wounded.
The worm bites you.
Casting: Freeze (safe; 6% risk of failure)
Confirm with . or Enter, or press ? or * to list all spells.
Aiming: Freeze (safe; 6% risk of failure)
Press: ? - help, Shift-Dir - straight line, f/p - worm
Aim: a worm (heavily wounded, poisoned)
You freeze the worm.
The worm is severely wounded.
The worm bites you!
Ouch! That really hurt!
You die...

#........................
............>..<....<....
#..............#.........
#.................w......
#..........†.w.##########
#..........w...#
#######.########
####w#########
#....@.......#
#...).g......#
#......).....#
+............#
#............#
#............#
#............#
#............#
#............#######


You could see a worm and a hobgoblin.

Vanquished Creatures
  A worm (D:2)
  2 dart slugs
  2 leopard geckos (D:1)
  A giant cockroach (D:2)
  2 goblins (D:1)
  5 hobgoblins
  3 kobolds
  A bat (D:2)
  5 rats
22 creatures vanquished.

Notes
Turn   | Place    | Note
-------+----------+-------------------------------------------
     0 | D:1      | Jynxie the Spriggan Ice Elementalist began the quest for the Orb.
     0 | D:1      | Reached XP level 1. HP: 9/9 MP: 5/5
   108 | D:1      | Reached XP level 2. HP: 13/13 MP: 3/6
   258 | D:1      | Learned a level 2 spell: Throw Frost
   757 | D:2      | Reached skill level 1 in Short Blades
   832 | D:2      | Reached XP level 3. HP: 15/17 MP: 0/8
   854 | D:2      | Slain by a worm

Vault maps used:
D:1:      minmay_arrival_four_circles

Skill      XL: |  1  2 |
---------------+-------+-----
Short Blades   | 1 |  1.0
Fighting       | |  0.7
Dodging        | |  3.3
Stealth        | |  3.6
Spellcasting   | |  2.9
Conjurations   | |  0.6
Ice Magic      | |  2.6

Action                   || total
-------------------------++-------
Melee: Unarmed           ||     5
       Dagger            ||    20
 Cast: Freeze            ||    18
       Throw Frost       ||     7
  Use: Scroll            ||     2
 Stab: Sleeping          ||     1
Armor: Robe              ||     1
Dodge: Dodged            ||    21

Table legend:
 A = Spawn XP
 B = Non-spawn XP
 C = Spawn XP percentage of total XP
 D = Spawn monster count
 E = Non-spawn monster count
 F = Spawn count percentage of total count
 G = Total turns spent on level
                    A         B        C        D         E        F      G
               +---------+---------+-------+---------+---------+-------+---------
         Total |       0 |      45 |   0.0 |       0 |      22 |   0.0 |   854
               +---------+---------+-------+---------+---------+-------+---------
           D:1 |       0 |      24 |   0.0 |       0 |      12 |   0.0 |   655
           D:2 |       0 |      21 |   0.0 |       0 |      10 |   0.0 |   199
               +---------+---------+-------+---------+---------+-------+---------
